Cogmind - Beta 11.1 @@@ ROGUE MODE // 2022.04.24 @ 17:39:36 Player: QQQQ Result: Destroyed by D-53 Grenadier with Mini Grenade Launcher Performance ------------- Evolutions (0) 0 Regions Visited (4) 800 Robots Destroyed (6) 30 Value Destroyed (77) 77 Prototype IDs (26) 520 Alien Tech Used (0) 0 Bonus (300) 300 TOTAL SCORE: 1727 Bonus ------- Aligned with FarCom 300 Cogmind --------- Core Integrity 0/250 Matter 300/300 Energy 99/100 System Corruption 0% Temperature Cool (0) Movement Rolling (110) Ox2 Location -9/Mines Parts ------- > --- POWER (1) -------- (None) > --- PROPULSION (2) --- Wheel > --- UTILITY (2) ------ Small Storage Unit Seismic Detector > --- WEAPON (2) ------- Firepult > --- INVENTORY (8) ---- Flying Fortress v7 High-capacity Storage Unit Sensor Array Signal Interpreter Trap Reconfigurator Peak State ------------ > --- POWER ------------ Light Ion Engine > --- PROPULSION ------- Wheel Wheel > --- UTILITY ---------- Small Storage Unit Seismic Detector > --- WEAPON ----------- Firepult > --- INVENTORY -------- Flying Fortress v7 High-capacity Storage Unit Sensor Array Signal Interpreter Trap Reconfigurator [Rating: 29] Favorites ----------- Power Light Ion Engine Engine Light Ion Engine Propulsion Wheel Wheel Wheel Utility Small Storage Unit Device Seismic Detector Storage Small Storage Unit Weapon Assault Rifle Energy Gun Small Laser Energy Cannon Firepult Ballistic Gun Assault Rifle Build | -11 -10 -10 -10 -9 ------- Run | Scr Mat Min Exi Min Slots Evolved . | . . . . . Power . | . . . . . Propulsion . | . . . . . Utility . | . . . . . Weapon . | . . . . . Parts Attached 10 | 7 . . 3 . Power 2 | 1 . . 1 . Engine 2 | 1 . . 1 . Core . | . . . . . Reactor . | . . . . . Propulsion 3 | 2 . . 1 . Treads . | . . . . . Leg . | . . . . . Wheel 3 | 2 . . 1 . Hover . | . . . . . Flight . | . . . . . Utility 2 | 2 . . . . Device 1 | 1 . . . . Storage 1 | 1 . . . . Processor . | . . . . . Hackware . | . . . . . Protection . | . . . . . Artifact . | . . . . . Weapon 3 | 2 . . 1 . Energy Gun 1 | 1 . . . . Energy Cannon 1 | . . . 1 . Ballistic Gun 1 | 1 . . . . Ballistic Cannon . | . . . . . Launcher . | . . . . . Special Weapon . | . . . . . Impact Weapon . | . . . . . Slashing Weapon . | . . . . . Piercing Weapon . | . . . . . Special Melee Weapon . | . . . . . Unidentified Prototypes . | . . . . . Parts Lost 2 | . . . . 2 Power 1 | . . . . 1 Propulsion 1 | . . . . 1 Utility . | . . . . . Weapon . | . . . . . Highest Loss Streak 1 | . . . . 1 To Critical Strikes . | . . . . . Average Slot Usage (%) 96 | . 100 100 97 79 Engine 13 | . 14 14 14 13 Wheel 27 | . 28 28 28 23 Device 14 | . 14 14 14 14 Storage 14 | . 14 14 14 14 Energy Gun 11 | . 14 14 11 . Energy Cannon 2 | . . . 2 14 Ballistic Gun 11 | . 14 14 11 . Naked Turns . | . . . . . Heaviest Build 31 | 12 12 12 31 31 Greatest Support 20 | 20 20 20 20 20 Greatest Overweight (x) 3 | . . . 1 3 Average Overweight (x) . | . . . . 1 Largest Inventory Capacity 8 | 8 8 8 8 8 Average Capacity 7 | 7 8 8 8 8 Most Carried 8 | 6 8 8 8 8 Average Carried 7 | 3 7 8 7 8 Final Capacity 8 | 8 8 8 8 8 Final Carried 8 | 6 8 8 8 8 Class Distribution -------------------- 100% | Mutant Dominant Class ---------------- Mutant | -10/Materials Mutant | -10/Mines Mutant | -10/Exiles Mutant | -9/Mines Resources | -11 -10 -10 -10 -9 ----------- Run | Scr Mat Min Exi Min Matter Collected 333 | 282 15 6 . 30 Remotely . | . . . . . Salvage Created 293 | 86 103 . . 104 Parts 12 | 4 8 . . . Haulers Intercepted . | . . . . . Recyclers Shooed 1 | 1 . . . . Parts Field Recycled . | . . . . . Retrieved Matter . | . . . . . Parts Self-Destructed . | . . . . . Prevented . | . . . . . Kills | -11 -10 -10 -10 -9 ------- Run | Scr Mat Min Exi Min Combat Hostiles Destroyed 10 | . 4 . . 6 Guns 4 | . 4 . . . Cannons 2 | . . . . 2 AOE 4 | . . . . 4 Classes Destroyed 5 | 2 2 . . 1 Tunneler 1 | 1 . . . . Recycler 1 | 1 . . . . Swarmer 3 | . 3 . . . Grunt 1 | . 1 . . . Assembled 6 | . . . . 6 Best Kill Streak 6 | 2 3 . . 6 Combat Bots Only 6 | . 3 . . 6 Max Kills in Single Turn 3 | 1 1 . . 3 Gunslinging . | . . . . . Exploded 2 | . . . . 2 Melee . | . . . . . Uniques/NPCs Destroyed . | . . . . . Combat | -11 -10 -10 -10 -9 -------- Run | Scr Mat Min Exi Min Damage Taken 536 | . 112 . . 424 Core 258 | . 29 . . 229 Absorbed by Shields . | . . . . . Core Remaining (%) 100 | 100 . . . . Volleys Fired 13 | 4 7 . . 2 Largest 2 | 2 2 . . 1 Hottest 250 | 60 60 . . 250 Shots Fired 24 | 8 14 . . 2 Gun 22 | 8 14 . . . Cannon 2 | . . . . 2 Launcher . | . . . . . Special . | . . . . . Kinetic 11 | 4 7 . . . Thermal 13 | 4 7 . . 2 Explosive . | . . . . . Electromagnetic . | . . . . . Robot Hit Streak 7 | 5 6 . . 7 Robot Miss Streak 3 | 1 3 . . 2 Penetration Max . | . . . . . Secondary Targets . | . . . . . Shots Hit Robots 15 | 6 8 . . 1 Core Hits 16 | 3 5 . . 8 Critical Kills . | . . . . . Critical Parts Destroyed . | . . . . . Critical Strikes . | . . . . . Melee Attacks . | . . . . . Impact . | . . . . . Slashing . | . . . . . Piercing . | . . . . . Sneak Attacks . | . . . . . Combat Hostiles . | . . . . . Follow-up Attacks . | . . . . . Damage Inflicted 457 | 72 92 . . 293 Guns 164 | 72 92 . . . Cannons 65 | . . . . 65 Explosions 228 | . . . . 228 Melee . | . . . . . Ramming . | . . . . . Kinetic 107 | 50 57 . . . Thermal 350 | 22 35 . . 293 Explosive . | . . . . . Electromagnetic . | . . . . . Impact . | . . . . . Slashing . | . . . . . Piercing . | . . . . . Highest Corruption . | . . . . . Average Corruption . | . . . . . Corruption Purged . | . . . . . Corruption Blocked . | . . . . . Overload Shots . | . . . . . Overflow Damage 3 | . . . . 3 Projectiles . | . . . . . Explosions 3 | . . . . 3 Melee . | . . . . . Knockbacks . | . . . . . Impact . | . . . . . Kinetic . | . . . . . Secondary . | . . . . . Self-Inflicted Damage 24 | . . . . 24 Shots 2 | . . . . 2 Rammed . | . . . . . Targets Rammed . | . . . . . Kicked . | . . . . . Crushed . | . . . . . Highest Temperature 496 | . 12 . . 496 Average Temperature 201 | . 10 . . 245 Received Heat Transfer 32 | . 12 . . 20 Effects 8 | . . . . 8 Shutdowns 2 | . . . . 2 Interference 2 | . . . . 2 Damage (major) 4 | . . . . 4 Siege Activations . | . . . . . Robots Corrupted . | . . . . . Combat Hostiles . | . . . . . Parts Fried . | . . . . . Impact Corruptions . | . . . . . Robots Melted . | . . . . . Combat Hostiles . | . . . . . Parts Melted . | . . . . . Heat Transferred 1485 | 50 75 . . 1360 Parts Sabotaged . | . . . . . Parts Stolen . | . . . . . Parts Stripped . | . . . . . Power Chain Reactions . | . . . . . Missiles Intercepted . | . . . . . Alert | -11 -10 -10 -10 -9 ------- Run | Scr Mat Min Exi Min Peak Influence 177 | 10 177 10 . 35 Initial 10 | . 6 10 . . Average 46 | 5 107 10 . 10 Maximum Alert Level . | . . . . . Low Security (%) 100 | 100 100 100 . 100 Level 1 . | . . . . . Level 2 . | . . . . . Level 3 . | . . . . . Level 4 . | . . . . . Level 5 . | . . . . . High Security . | . . . . . Max Security . | . . . . . Squads Dispatched 2 | . 2 . . . Investigation . | . . . . . Extermination . | . . . . . Reinforcement 2 | . 2 . . . Assault . | . . . . . Garrison . | . . . . . Intercept . | . . . . . Searches Triggered . | . . . . . Construction Impeded . | . . . . . Haulers Reinforced . | . . . . . Active Scanning Responses . | . . . . . Cargo Convoy Interrupts . | . . . . . Stealth | -11 -10 -10 -10 -9 --------- Run | Scr Mat Min Exi Min Distress Signals 1 | . 1 . . . Communications Jammed . | . . . . . Distress Signals . | . . . . . Times Spotted 17 | . 8 . . 9 Peak Tracking Total 6 | . 3 . . 6 Tactical Retreats 1 | . . . . 1 Traps | -11 -10 -10 -10 -9 ------- Run | Scr Mat Min Exi Min Traps Triggered . | . . . . . Indirectly . | . . . . . Trap Hack Attempts . | . . . . . Triggered . | . . . . . Disarmed . | . . . . . Reprogrammed . | . . . . . Reused . | . . . . . Traps Extracted . | . . . . . Installed . | . . . . . Triggered . | . . . . . Exploded 1 | . . . 1 . Machines | -11 -10 -10 -10 -9 ---------- Run | Scr Mat Min Exi Min Machines Disabled . | . . . . . Max in Single Turn . | . . . . . Machines Sabotaged . | . . . . . Garrisons Compromised . | . . . . . Overloaded Fab Kills . | . . . . . Hacking | -11 -10 -10 -10 -9 --------- Run | Scr Mat Min Exi Min Machines Accessed 9 | . 4 . 5 . Terminals 4 | . 4 . . . Fabricators . | . . . . . Repair Stations . | . . . . . Recycling Units . | . . . . . Scanalyzers . | . . . . . Garrison Access . | . . . . . Total Hacks 38 | . 10 . 28 . Successful 34 | . 6 . 28 . Failed 4 | . 4 . . . Catastrophic 1 | . 1 . . . Database Lockouts . | . . . . . Manual 5 | . 4 . 1 . Terminals 10 | . 10 . . . Fabricators . | . . . . . Repair Stations . | . . . . . Recycling Units . | . . . . . Scanalyzers . | . . . . . Garrison Access . | . . . . . Terminal Hacks 34 | . 6 . 28 . Record 28 | . 1 . 27 . Robot Analysis 1 | . 1 . . . Prototype ID Bank 2 | . 2 . . . Unreport Threat 1 | . 1 . . . Registered Components 1 | . 1 . . . EX-Prototype ID Bank 1 | . . . 1 . Fabricator Hacks . | . . . . . Repair Station Hacks . | . . . . . Recycling Unit Hacks . | . . . . . Scanalyzer . | . . . . . Garrison Access Hacks . | . . . . . Unauthorized Hacks . | . . . . . Terminals . | . . . . . Fabricators . | . . . . . Repair Stations . | . . . . . Recycling Units . | . . . . . Scanalyzers . | . . . . . Garrison Access . | . . . . . Data Cores Recovered . | . . . . . Used . | . . . . . Hacking Detections 3 | . 3 . . . Full Trace Events . | . . . . . Feedback Events . | . . . . . Feedback Blocked . | . . . . . Robot Schematics Acquired . | . . . . . Robots Built . | . . . . . Authchips . | . . . . . Time . | . . . . . Total Robot Build Rating . | . . . . . Part Schematics Acquired . | . . . . . Parts Built . | . . . . . Authchips . | . . . . . Time . | . . . . . Total Part Build Rating . | . . . . . Parts Repaired . | . . . . . Time . | . . . . . Parts Recycled . | . . . . . Recycled Matter . | . . . . . Retrieved Matter . | . . . . . Retrieved Components . | . . . . . Parts Scanalyzed . | . . . . . Part Schematics Acquired . | . . . . . Parts Damaged . | . . . . . Bothacking | -11 -10 -10 -10 -9 ------------ Run | Scr Mat Min Exi Min Used RIF Installer . | . . . . . Robots Hacked . | . . . . . Non-combat . | . . . . . Combat . | . . . . . Robot Hacks Applied . | . . . . . Relay Couplers Released . | . . . . . Fabnet Peak Effective % . | . . . . . Robots Rewired . | . . . . . Allies Hacked . | . . . . . Hacks Repelled . | . . . . . Allies | -11 -10 -10 -10 -9 -------- Run | Scr Mat Min Exi Min Total Allies . | . . . . . Largest Group . | . . . . . Highest-Rated Group . | . . . . . Highest-Rated Ally . | . . . . . Total Orders . | . . . . . Ally Attacks . | . . . . . Total Damage . | . . . . . Kills . | . . . . . Allies Corrupted . | . . . . . Allies Melted . | . . . . . Intel | -11 -10 -10 -10 -9 ------- Run | Scr Mat Min Exi Min Robot Analysis Total 1 | . 1 . . . Derelict Logs Recovered 3 | . . 1 . 2 Drone Launches . | . . . . . Drone Recoveries . | . . . . . Exploration | -11 -10 -10 -10 -9 ------------- Run | Scr Mat Min Exi Min Turns Passed 1394 | 70 312 297 564 151 Spaces Moved 1498 | 53 311 327 673 134 Core 2 | 2 . . . . Treads . | . . . . . Legs . | . . . . . Wheels 1496 | 51 311 327 673 134 Hover . | . . . . . Flight . | . . . . . Fastest Speed 50 | 50 80 80 80 95 Average Speed 82 | 78 80 80 82 101 Slowest Speed 125 | 80 80 80 95 125 Overloaded Moves . | . . . . . Propulsion Burnouts . | . . . . . Robots Hopped . | . . . . . Cave-ins Triggered . | . . . . . Exploration Rate (%) 53 | 3 55 83 92 35 Regions Visited 4 Branch Regions 3 Pre-discovered Areas 2 | . . . 1 1 Known Exits Taken . | . . . . . Unknown Exits Taken 4 | 1 1 1 1 . Scrap Searched 2 | . . 1 . 1 Spaces Dug . | . . . . . Terrain Destroyed 22 | . . . . 22 Melee . | . . . . . Projectile 1 | . . . . 1 AOE 21 | . . . . 21 Terrain Rammed . | . . . . . Walls Destroyed . | . . . . . Machines Disabled . | . . . . . Actions | -11 -10 -10 -10 -9 --------- Run | Scr Mat Min Exi Min Total 1624 | 69 360 362 686 147 Wait 86 | . 39 36 . 11 Move 1494 | 52 310 326 672 134 Hop . | . . . . . Pick Up 12 | 6 3 . 3 . Fast Attach 8 | 7 . . 1 . Attach . | . . . . . Detach . | . . . . . Swap 2 | . . . 2 . Drop 9 | . 1 . 8 . Fire 13 | 4 7 . . 2 Melee . | . . . . . Ram . | . . . . . Kick . | . . . . . Crush . | . . . . . Escape Stasis . | . . . . . Rewire . | . . . . . Trap . | . . . . . Miscellaneous . | . . . . . Route ------- -11/Scrapyard -10/Materials (discovered 3 exits: [*Mat x2] / [*Min]) -10/Mines (discovered 2 exits: [*Mat] / *Exi) -10/Exiles -9/Mines History --------- Turn | Location | Event 12 | -11/Scrapyard | Discovered new exit (range 16) 71 | -11/Scrapyard | Entered Materials 248 | -10/Materials | Discovered new exit (range 9) 300 | -10/Materials | Build established: Mutant 307 | -10/Materials | Discovered new exit (range 13) 367 | -10/Materials | Discovered new exit (range 5) 383 | -10/Materials | Entered Mines 399 | -10/Mines | Discovered new exit (range 10) 556 | -10/Mines | Deemed a non-threat by the Exiles lab entrance 556 | -10/Mines | Discovered new exit (range 5) 623 | -10/Mines | Learned 2 Materials zone layouts 680 | -10/Mines | Entered Exiles 701 | -10/Exiles | Met 8R-AWN 714 | -10/Exiles | Met EX-HEX 749 | -10/Exiles | Met EX-DEC 770 | -10/Exiles | Visited The Gauntlet 945 | -10/Exiles | Learned location of Zion (-7) 991 | -10/Exiles | Discovered new exit (range 14) 1047 | -10/Exiles | Met EX-BIN 1114 | -10/Exiles | Aligned with FarCom system 1115 | -10/Exiles | Given EX-Vault access code 1133 | -10/Exiles | Opened EX-Vault 1142 | -10/Exiles | Found Flying Fortress v7 1147 | -10/Exiles | Found Trap Reconfigurator 1151 | -10/Exiles | Found Firepult 1170 | -10/Exiles | Warned to stay clear of 0b10 Research branches 1180 | -10/Exiles | Exiles lab attacked by MAIN.C 1244 | -10/Exiles | Stole three prototypes: Firepult, Flying Fortress v7, Trap Reconfigurator 1244 | -10/Exiles | Entered Mines 1247 | -9/Mines | Met a Derelict bent on vengeance 1256 | -9/Mines | Learned location of Storage (-9) 1283 | -9/Mines | Received a Rocket Launcher from a helpful Derelict 1326 | -9/Mines | Assembled infested the area 1329 | -9/Mines | Found a damaged Exp. Sensor Array with a note attached 1389 | -9/Mines | Core integrity fell below 50% 1392 | -9/Mines | Core integrity fell below 20% 1395 | -9/Mines | Destroyed by D-53 Grenadier with Mini Grenade Launcher Last Messages --------------- 01347_ Destroyed Wheel. 01347_ as-04592 destroyed. 01350_ Firepult emits an uncontrolled burst of heat. 01350_ Several Firepult components seem to have fused. 01350_ as-82693 destroyed. 01350_ as-84320 destroyed. 01350_ as-22077 destroyed. 01352_ Power failure, Lgt. Ion Engine shutdown. 01353_ Overheating: Lgt. Ion Engine damaged (-18). 01353_ Overheating: Sml. Storage Unit damaged (-52). 01353_ Overheating: Wheel damaged (-19). 01353_ Overheating: Seismic Detector damaged (-4). 01356_ Overheating: System interference. 01356_ Seismic Detector temporarily disabled. 01356_ Firepult temporarily disabled. 01359_ Power failure, Lgt. Ion Engine shutdown. 01368_ U-05 Engineer lays Concrete. 01379_ K-01 Serf collects debris. 01387_ Lgt. Ion Engine destroyed. 01388_ The unstable cave ceiling collapses. Map ----- +----------------------------------------------------+ | ?????????????????????????????????????????????????? | | ?????????????????????????????????????????????????? | | ?????????????????????????????????????????????????? | | ?????????????????????????????????????????????????? | | ?????????????????????????????????????????????????? | | ?????????????????????????????????????????????????? | | ?????????????????????????????????????????????????? | | ?????????????????????????????????????????????????? | | ?????????????????????????????????????????????????? | | ?????????????????????????????????????????????????? | | ?????????????????????????????????????????????????? | | ?????????????????????????????????????????????????? | | ???????????????????????????????????????????#?????? | | ??????????????????????????????????????????%#?????? | | ????????????????????????????????????????##"##????? | | ???????????????????????????????######### ###??? | | ??????????????????????????????## # ##?? | | ??????????????????????????????# !!! # #?? | | ??????????????????????????????# ! ##? | | ?????????????????????????????## ! % | | ??????????????????????????#### !! ##?? | | ??????????????????????????# # d #?? | | ?????????????????????????## ## #????? | | ????????????????????????## d ## ##??? | | ??????????????????????### ## #??? | | ??????????????????????# @ """ ?? | | ??????????????????????# # r## """ ???? | | ????????????????????????## #???????????? | | ?????????????????????????# #???????????? | | ?????????????????????????# # ### #???????????? | | ?????????????????????????#########?# #???????????? | | ???????????????????????????????????# #???????????? | | ???????????????????????????????????# #???????????? | | ???????????????????????????????????# #???????????? | | ???????????????????????????????????# #???????????? | | ???????????????????????????????????# #???????????? | | ??????????????????????????????????# #??????????? | | ??????????????????????????????????#% #??????????? | | ?????????????????????????????????? ??????????? | | ????????????????????????????????? #?????????? | | ????????????????????????????????## ##?????????? | | ?????????????????????????????????# " ###???????? | | ?????????????????????????????????###" #???????? | | ???????????????????????????????????#"# # #???????# | | ????????????????????????????????????#### ##??????# | | ????????????????????????????????###### ! ###????# | | ????????????????????????????????# #????# | | ???????????????????????????????# ###### | | ????????????????????????? #### | | ????????????????????????? #???######### | +----------------------------------------------------+ Best States ------------- Heat Dissipation 25 Energy Generation 10 Energy Capacity 125 Matter Stores 300 Matter Capacity 300 Sight Range 16 Terrain Scan Density 10 Evasion (%) 44 Item Schematics ----------------- None Robot Schematics ------------------ None Fabricated ------------ Nothing Alien Tech Used ----------------- None Achievements -------------- None Challenges ------------ None Game ------ Seed MetafiberSwordSpear Manual? 0 Play Time 00:23:21 Cumulative 16.4 hours Start 2022.04.24 @ 17:12:44 End 2022.04.24 @ 17:39:36 Sessions 1 Manual Loads 0 Difficulty Rogue Special Mode None Game No. 9 Rogue 9 Adventurer 0 Explorer 0 Win Type - Total 0 Types 0/0/0/0/0/0/0/0/0 Lore% 25 Gallery% 20 Achievement% 21 Wizard Run 0 Options --------- ASCII 0 Keyboard 0 Movement Mouse Keybinds 0 Fullscreen 2 Font 18/TerminusBold Map View 76x50 Tactical HUD 1 Map Filters NONE Filters NONE Steam 1 RUN: 6d987729-7072-4463-9640-00fa9edc6d87